 Dungeon Crawl Stone Soup version 0.23.2-40-g277498a001 (webtiles) character file.

Game seed: 15794692289779134295

161 Kukuleta the Gusty (level 5, -3/29 HPs)
             Began as a Tengu Air Elementalist on Sept 18, 2019.
             Slain by an ogre
             ... wielding a +0 giant club
              (24 damage)
             ... on level 4 of the Dungeon.
             The game lasted 00:20:58 (3059 turns).

Kukuleta the Gusty (Tengu Air Elementalist)         Turns: 3059, Time: 00:20:59

Health: -3/29      AC:  5    Str:  9    XL:     5   Next: 42%
Magic:  2/9        EV: 13    Int: 16    God:
Gold:   252        SH:  0    Dex: 14    Spells: 7/8 levels left

rFire    . . .     SeeInvis .   k - +1 mace (crush)
rCold    . . .     Gourm    .   (no shield)
rNeg     . . .     Faith    .   a - +1 robe
rPois    .         Spirit   .   f - +2 hat
rElec    .         Reflect  .   (no cloak)
rCorr    .         Harm     .   (no gloves)
MR       .....                  (boots unavailable)
Stlth    ++........             (no amulet)
HPRegen  0.09/turn              (no ring)
MPRegen  0.11/turn              (no ring)

@: no status effects
A: beak, talons 3, able to fly
a: Fly


You were on level 4 of the Dungeon.
You were hungry.

You visited 1 branch of the dungeon, and saw 4 of its levels.

You collected 252 gold pieces.

Inventory:

Hand Weapons
 k - a +1 mace of crushing (weapon)
 s - a +1 flail
Armour
 a - a +1 robe (worn)
 f - a +2 hat (worn)
 t - a +0 leather armour
Jewellery
 i - an uncursed ring of stealth {unknown}
 o - an uncursed ring of fire {unknown}
Wands
 q - a wand of iceblast (8)
Scrolls
 b - a scroll of teleportation
 d - a scroll of enchant weapon
 e - a scroll of identify
 g - 3 scrolls of remove curse
 j - a scroll of enchant armour
Potions
 h - 2 potions of heal wounds
 l - a potion of brilliance {unknown}
 m - a potion of degeneration {unknown}
 n - a potion of curing {unknown}
Comestibles
 c - 7 rations


   Skills:
 + Level 1.3 Fighting
 + Level 1.5 Maces & Flails
 - Level 2.4 Dodging
 - Level 2.1 Stealth
 - Level 2.0 Spellcasting
 + Level 3.2 Conjurations
 * Level 6.2 Air Magic


You had 7 spell levels left.
You knew the following spells:

 Your Spells              Type           Power        Failure   Level  Hunger
a - Shock                 Conj/Air       ###.         3%          1    #......

Your spell library contained the following spells:

 Spells                   Type           Power        Failure   Level  Hunger
 Swiftness                Chrm/Air       ##......     9%          2    ###....
 Static Discharge         Conj/Air       ###.....     9%          3    ###....
 Airstrike                Air            ###.......   16%         4    #####..
 Lightning Bolt           Conj/Air       ###.......   63%         5    ######.


Dungeon Overview and Level Annotations

Branches:
Dungeon (4/15)
 Temple: D:4-7

Altars:
Trog


Innate Abilities, Weirdness & Mutations

You have a beak for a mouth.
You have claws for feet.
You can fly continuously.


Message History

Casting: Shock (safe; 3% risk of failure)
Confirm with . or Enter, or press ? or * to list all spells.
Aiming: Shock (safe; 3% risk of failure)
Press: ? - help, Shift-Dir - straight line, f/p - ogre
Aim: an ogre, wielding a +0 giant club (moderately wounded)
The zap hits the ogre.
The ogre is heavily wounded.
The ogre barely misses you.
You hit the ogre.
The ogre is heavily wounded.
The ogre closely misses you.
You hit the ogre but do no damage. You peck the ogre.
The ogre is severely wounded.
The adder misses you. The ogre hits you with a +0 giant club!
You barely miss the ogre.
The ogre is severely wounded.
The adder bites you but does no damage.
The ogre hits you with a +0 giant club!!
Ouch! That really hurt!
You die...

........#.........#.#####........
........#.####....#.##...........
........#.........+....#.###.....
.>......#..##.....#....#.###.###.
........#..##............^.......
........#......................##
........#.#####.........)......#
).......#.# #.S..............#
..........# #.@.....#........#
...†....##### #.O.............##
............# #............<..#
........##### ##.##.#..#.######
........########.##.#..#..
......#..........# ......
.....##.....####[# .
..........#.# .... ..
..........#.# .....#


You could see an ogre and an adder.

Vanquished Creatures
  A bullfrog skeleton (D:4)
  A worker ant (D:4)
  3 gnolls (D:4)
  An adder (D:3)
  2 worms (D:2)
  A dart slug (D:4)
  2 leopard geckos
  8 orcs
  6 goblins
  6 hobgoblins
  3 jackals (D:3)
  A quokka (D:4)
  A ball python (D:1)
  7 bats
  6 kobolds
  7 rats
56 creatures vanquished.

Notes
Turn   | Place    | Note
-------+----------+-------------------------------------------
     0 | D:1      | Kukuleta the Tengu Air Elementalist began the quest for the
                  | Orb.
     0 | D:1      | Reached XP level 1. HP: 10/10 MP: 4/4
   516 | D:2      | Reached XP level 2. HP: 15/15 MP: 4/6
  1271 | D:2      | Reached XP level 3. HP: 19/19 MP: 0/7
  1521 | D:2      | Reached skill level 5 in Air Magic
  2115 | D:3      | Reached XP level 4. HP: 24/24 MP: 3/8
  2392 | D:3      | Found a bloodstained altar of Trog.
  2699 | D:4      | Reached skill level 1 in Maces & Flails
  2782 | D:4      | Reached skill level 1 in Fighting
  2820 | D:4      | Reached skill level 6 in Air Magic
  2820 | D:4      | Gained mutation: You can fly continuously. [Tengu growth]
  2820 | D:4      | Reached XP level 5. HP: 21/29 MP: 5/9
  3040 | D:4      | Noticed an ogre
  3059 | D:4      | Slain by an ogre

Skill      XL: |  1  2  3  4 |
---------------+-------------+-----
Conjurations   | 2 3 |  3.2
Air Magic      | 5 6 |  6.2
Maces & Flails | 1 |  1.5
Fighting       | 1 |  1.3
Dodging        | |  2.4
Stealth        | |  2.1
Spellcasting   | |  2.0

Action                   |  1- 3 |  4- 6 || total
-------------------------+-------+-------++-------
Melee: Unarmed           |     2 |       ||     2
       Peck              |     2 |     2 ||     4
       Dagger            |    14 |       ||    14
       Flail             |     3 |     4 ||     7
       Kick              |     1 |     3 ||     4
       Mace              |       |    17 ||    17
 Cast: Shock             |    77 |    45 ||   122
  Use: Scroll            |     8 |       ||     8
  Eat: Chunk             |     4 |     4 ||     8
Armor: Robe              |     1 |     7 ||     8
Dodge: Dodged            |    17 |    18 ||    35
